 Dungeon Crawl Stone Soup version 0.14-a0-1097-gc7db7fc (webtiles) character file.

390 Malachi the Ruffian (level 5, 0/44 HPs)
             Began as a Centaur Monk on Nov 28, 2013.
             Slain by a goliath beetle (17 damage)
             ... on Level 4 of the Dungeon.
             The game lasted 00:04:01 (2314 turns).

Malachi the Ruffian (Centaur Monk)                  Turns: 2314, Time: 00:04:02

HP   0/44        AC  5     Str 14      XL: 5   Next: 57%
MP   3/3         EV 10     Int  9      God:
Gold 179         SH  0     Dex 12      Spells:  0 memorised,  4 levels left

rFire  . . .     SeeInvis .       - Unarmed
rCold  . . .     Clarity  .     a - +0 robe
rNeg   . . .     Conserve .     (no shield)
rPois  .         rCorr    .     f - +0 orc crested helmet
rElec  .         rRot     .     (no cloak)
SustAb . .       Spirit   .     (no gloves)
rMut   .         Warding  .     (no barding)
Saprov . . .     Stasis   .     h - amulet of faith {unknown}
                                (no ring)
                                (no ring)

@: mildly poisoned, very quick, slightly resistant to hostile enchantments, very
unstealthy
A: hooves 3, deformed body, herbivore 1, speed 2, fast metabolism 1, tough skin
3
a: no special abilities


You were on level 4 of the Dungeon.
You were not hungry.

You visited 1 branch of the dungeon, and saw 4 of its levels.

You collected 179 gold pieces.

Inventory:

Missiles
 c - 9 tomahawks (quivered)
 j - 6 javelins
Armour
 a - a +0 robe (worn)
 f - a +0 orcish crested helmet (worn)
Magical devices
 w - a wand of fire (13) {unknown}
Comestibles
 b - 3 bread rations
 n - a pear
 z - 2 chunks of goblin flesh
 B - an apple
 C - a meat ration
 D - a chunk of adder flesh
 E - a chunk of giant gecko flesh
 F - a choko
Scrolls
 k - a scroll of enchant weapon II {unknown}
 m - a scroll of random uselessness {unknown}
 p - 2 scrolls of curse jewellery {unknown}
 q - a scroll of fear {unknown}
 r - 4 scrolls of fog {unknown}
 s - 3 scrolls of remove curse {unknown}
 t - 2 scrolls of identify {unknown}
 y - a scroll of amnesia {unknown}
 A - a scroll of teleportation
 G - a scroll of enchant weapon I {unknown}
Jewellery
 h - an amulet of faith (around neck) {unknown}
Potions
 d - 2 potions of agility {unknown}
 e - 2 potions of confusion {unknown}
 g - 3 potions of curing {unknown}
 i - a potion of restore abilities {unknown}
 l - a potion of magic {unknown}
 o - a potion of resistance {unknown}
 u - a potion of lignification {unknown}
 v - a potion of heal wounds {unknown}
 x - a potion of poison {unknown}


   Skills:
 + Level 3.3 Fighting
 + Level 1.0 Throwing
 + Level 3.1 Dodging
 + Level 1.4 Stealth
 + Level 5.8 Unarmed Combat


You had 4 spell levels left.
You didn't know any spells.

Dungeon Overview and Level Annotations

Branches:
Dungeon (4/16)
 Temple: D:4-7

Altars:


Innate Abilities, Weirdness & Mutations

You have hooves in place of feet.
Armour fits poorly on your strangely shaped body.
You digest meat inefficiently.
You cover ground very quickly.
You have a fast metabolism.
You have extremely tough skin (AC +3).


Message History

The goliath beetle is moderately wounded.
Throwing (i - inventory. (,) - cycle):
c - 10 tomahawks (quivered)
Press: ? - help, Shift-Dir - straight line, f/p - goliath beetle
Aim: a goliath beetle (moderately wounded)
You throw a tomahawk. The tomahawk hits the goliath beetle.
The goliath beetle is moderately wounded.
You hit the goliath beetle but do no damage.
You kick the goliath beetle.
The goliath beetle is moderately wounded.
You hit the goliath beetle but do no damage.
You punch the goliath beetle.
The goliath beetle is moderately wounded.
You feel sick. The goliath beetle barely misses you.
You barely miss the goliath beetle.
The goliath beetle is moderately wounded.
You hit the goliath beetle but do no damage.
Your kick misses the goliath beetle.
The goliath beetle is moderately wounded.
You feel sick. The goliath beetle bites you!
You die...

. #. .#..#. .###.....
..#....? # #...#.####
#.##..#.#.. #.......#.# ##
##...##.####.## #.#####
#.(@B((.......# #
#....#######(##.##...##..#
.###........##.##.# ...#
#...#..#.......##.. .....
#.<.##.#.##.##.#####...###
#...#..#[##.##.# ....
.###.#.#.##.##.. .#.##
..#....#.##.##.## #.[.
...#####.......#


You could see a goliath beetle.

Vanquished Creatures
  A crimson imp (D:3)
  A hound (D:4)
  An iguana (D:3)
  Jessica (D:2)
  3 adders
  A giant mite (D:3)
  A worm (D:2)
  3 giant geckos
  An ooze (D:1)
  9 bats
  7 giant cockroaches
  8 goblins
  5 hobgoblins
  7 giant newts
  7 kobolds
  A kobold zombie (D:3)
  7 rats
64 creatures vanquished.

Notes
Turn   | Place    | Note
--------------------------------------------------------------
     0 | D:1      | Malachi, the Centaur Monk, began the quest for the Orb.
     0 | D:1      | Reached XP level 1. HP: 17/17 MP: 0/0
   113 | D:1      | Reached XP level 2. HP: 18/24 MP: 1/1
   656 | D:2      | HP: 1/24 [worm (8)]
   680 | D:2      | Reached XP level 3. HP: 2/30 MP: 2/2
  1097 | D:2      | Reached skill level 5 in Unarmed Combat
  1402 | D:2      | Noticed Jessica
  1412 | D:2      | Killed Jessica
  1412 | D:2      | Reached XP level 4. HP: 35/37 MP: 2/2
  1825 | D:3      | Reached XP level 5. HP: 41/44 MP: 3/3
  2026 | D:3      | Reached skill level 1 in Throwing
  2314 | D:4      | Slain by a goliath beetle

Action                   |  1- 3 |  4- 6 || total
-------------------------+-------+-------++-------
Melee: Unarmed           |   114 |    90 ||   204
Throw: Tomahawk          |     5 |     5 ||    10
       Javelin           |     1 |       ||     1
  Use: Scroll            |     1 |       ||     1
